 Dungeon Crawl Stone Soup version 0.30.1-3-gfc49f6343a (webtiles) character file.

Game seed: 15229082955926527230

1449 Wiggles the Cleaver (level 8, 0/64 HPs)
             Began as a Minotaur Berserker on Aug 8, 2023.
             Was a Priest of Trog.
             Slain by an orc warrior
             ... wielding a +0 halberd
              (13 damage)
             ... in a bailey.
             The game lasted 00:09:47 (4775 turns).

Wiggles the Cleaver (Minotaur Berserker)            Turns: 4775, Time: 00:09:48

Health: 0/64       AC:  9    Str: 24    XL:     8   Next: 46%
Magic:  7/7        EV: 10    Int:  4    God:    Trog [***...]
Gold:   418        SH:  0    Dex: 10    Spells: 7/7 levels left

rFire   . . .        a - +0 hand axe
rCold   + . .        (no shield)
rNeg    . . .        G - +0 scale mail
rPois   .            (helmet restricted)
rElec   .            (no cloak)
rCorr   .            g - +2 pair of gloves {hurl}
SInv    .            (no boots)
Will    ++...        q - amulet of regeneration Stlth
                     l - +4 ring of slaying
HPRegen 2.10/turn    v - ring of protection from cold
MPRegen 0.10/turn

%: no passive effects
@: strong-willed, regenerating
A: horns 2, retaliatory headbutt
a: Renounce Religion, Berserk, Trog's Hand


You were in a bailey.
You worshipped Trog.
Trog was most pleased with you.
You visited 1 branch of the dungeon, and saw 7 of its levels.
You also visited: Sewer and Bailey.

You collected 418 gold pieces.

Inventory:

Hand Weapons
 a - a +0 hand axe (weapon)
 H - a +0 morningstar
Missiles
 m - 3 boomerangs (quivered)
Armour
 g - a +2 pair of gloves of hurling (worn)
 G - a +0 scale mail (worn)
Jewellery
 l - a +4 ring of slaying (left hand)
 p - a ring of ice
 q - an amulet of regeneration (around neck)
 v - a ring of protection from cold (right hand)
 F - a ring of magical power
Wands
 w - a wand of digging (7)
 D - a wand of flame (19)
Scrolls
 b - a scroll of amnesia {unknown}
 c - a scroll of vulnerability {unknown}
 f - a scroll of noise {unknown}
 h - 4 scrolls of identify {unknown}
 i - 2 scrolls of teleportation {unknown}
 j - a scroll of poison {unknown}
 k - 3 scrolls of enchant armour {unknown}
 r - 2 scrolls of immolation {unknown}
 t - a scroll of magic mapping {unknown}
 y - 2 scrolls of enchant weapon {unknown}
 I - a scroll of brand weapon {unknown}
Potions
 d - 4 potions of curing {unknown}
 e - 2 potions of mutation {unknown}
 n - 4 potions of brilliance {unknown}
 o - 2 potions of lignification {unknown}
 s - a potion of berserk rage {unknown}
 u - 3 potions of might {unknown}
 x - a potion of ambrosia {unknown}
 z - 5 potions of cancellation {unknown}
 A - 2 potions of heal wounds {unknown}
 B - a potion of resistance {unknown}
 C - a potion of invisibility {unknown}
 E - a potion of flight {unknown}
 J - 2 potions of attraction {unknown}
Miscellaneous
 K - a piece from Xom's chessboard (15/15)


   Skills:
 - Level 3.6 Fighting
 + Level 12.9 Axes
 - Level 2.4 Armour
 - Level 2.1 Dodging
 - Level 0.3 Stealth


You had 7 spell levels left.
You didn't know any spells.
Your spell library was empty.

Dungeon Overview and Level Annotations

Branches:
Dungeon (7/15)             Temple (0/1) D:5           Sewer (visited)
 Bailey (1/1)

Altars:
Dithmenos
Elyvilon
Kikubaaqudgha
Nemelex Xobeh
Uskayaw
Wu Jian

Shops:
D:1 =   D:4 *


Innate Abilities, Weirdness & Mutations

You have a pair of horns on your head.
You reflexively headbutt those who attack you in melee.


Message History

Found a gate leading back out of this place.
The orc knight shouts!
The orc knight suddenly curses.
You enter the shallow water.
Moving in this stuff is going to be slow.
The orc warrior hits you but does no damage.
The orc warrior closely misses you.
You enter the shallow water.
Moving in this stuff is going to be slow.
The orc warrior hits you from afar with a +0 halberd!
The orc warrior hits you from afar with a +0 halberd.
The orc knight roars a battlecry!
The orc warriors go into a battle-frenzy!
You enter the shallow water.
Moving in this stuff is going to be slow.
Things that are here:
a +0 halberd; a +0 chain mail; an orc corpse You enter the shallow water.
Moving in this stuff is going to be slow.
The orc warrior hits you but does no damage.
The orc knight splashes around in the water.
The orc warrior hits you from afar with a +0 spear!
The orc warrior splashes around in the water.
The orc warrior hits you from afar with a +0 spear!
The orc warrior splashes around in the water.
The orc warrior hits you from afar with a +0 spear.
Your skin crawls.
You feel strong-willed.
The orc warrior hits you but does no damage.
You enter the shallow water.
Moving in this stuff is going to be slow.
The orc knight hits you from afar with a +0 halberd!
The orc warrior splashes around in the water.
The orc warrior hits you from afar with a +0 spear!!
* * * LOW HITPOINT WARNING * * *
The orc warrior no longer looks unusually strong.
The orc knight roars a battlecry!
The orc warrior goes into a battle-frenzy!
The orc warrior hits you from afar with a +0 halberd!
You die...

########### ##..o.@....##
##..~o)~~~~..##
##..))o..).~~..##
########..~)..###..~~..#########
.........~~..## ##..~~..........
~~~~~~~~~~..##.∩.##..~~~~~~~~~~.
~..........##.....##..........~.
~.#########'###+#############.~.
~ ... ##.~.


You could see an orc knight and 2 orc warriors.

Vanquished Creatures
  Eustachio (D:4)
  A water moccasin (D:6)
  A sky beast (D:6)
  2 orc warriors (Bailey)
  Pargi (Sewer)
  A phantom (D:5)
  Blork the orc (D:6)
  3 scorpions
  2 howler monkeys (D:4)
  A gnoll bouda (D:5)
  An iguana (D:5)
  2 sleepcaps (D:6)
  An orc wizard (D:5)
  9 gnolls
  12 adders
  A shadow imp (D:6)
  2 ufetubi
  2 worms
  A dart slug (D:1)
  23 orcs
  8 bats
  6 endoplasms
  3 giant cockroaches
  5 hobgoblins
  2 jackals (Sewer)
  5 kobolds
  3 quokkas
  5 ball pythons
  2 frilled lizards
  7 goblins
  4 rats
118 creatures vanquished.

Notes
Turn   | Place    | Note
-------+----------+-------------------------------------------
     0 | D:1      | Wiggles the Minotaur Berserker began the quest for the Orb.
     0 | D:1      | Reached XP level 1. HP: 19/19 MP: 0/0
   188 | D:1      | Reached skill level 4 in Axes
   231 | D:1      | Reached XP level 2. HP: 22/26 MP: 1/1
   480 | D:1      | Found Zutwoh's Jewellery Emporium.
  1043 | D:2      | Reached skill level 5 in Axes
  1048 | D:2      | Reached XP level 3. HP: 31/31 MP: 2/2
  1105 | D:2      | Reached ** piety under Trog
  1489 | D:3      | Found an ancient bone altar of Kikubaaqudgha.
  1641 | D:3      | Found a hide-covered altar of Uskayaw.
  2119 | D:3      | Found a sparkling altar of Nemelex Xobeh.
  2305 | D:4      | Reached XP level 4. HP: 39/39 MP: 3/3
  2384 | D:4      | Reached skill level 6 in Axes
  2484 | D:4      | Noticed Eustachio
  2506 | D:4      | Killed Eustachio
  2507 | D:4      | Reached skill level 7 in Axes
  2507 | D:4      | Reached XP level 5. HP: 45/45 MP: 4/4
  2603 | D:4      | Found Opag's Gadget Gallery.
  2703 | D:4      | Reached skill level 8 in Axes
  2703 | D:4      | Reached XP level 6. HP: 51/51 MP: 5/5
  3169 | D:5      | Entered Level 5 of the Dungeon
  3207 | D:5      | Reached skill level 9 in Axes
  3249 | D:5      | Reached XP level 7. HP: 57/57 MP: 6/6
  3317 | D:5      | Found a glowing drain.
  3343 | Sewer    | Entered a sewer
  3399 | Sewer    | Noticed Pargi
  3405 | Sewer    | Killed Pargi
  3406 | Sewer    | Reached skill level 10 in Axes
  3476 | D:5      | Found a staircase to the Ecumenical Temple.
  3512 | D:5      | Found a white marble altar of Elyvilon.
  3653 | D:5      | Reached *** piety under Trog
  3827 | D:5      | Reached skill level 11 in Axes
  3996 | D:6      | Found an ornate altar of the Wu Jian Council.
  4109 | D:6      | Reached XP level 8. HP: 64/64 MP: 7/7
  4387 | D:6      | Reached skill level 12 in Axes
  4426 | D:6      | Noticed Blork the orc
  4435 | D:6      | Killed Blork the orc
  4474 | D:6      | Found a shadowy altar of Dithmenos.
  4602 | D:7      | Found a flagged portal.
  4606 | Bailey   | Entered a bailey
  4755 | Bailey   | Noticed an orc knight
  4775 | Bailey   | Slain by an orc warrior

Illustrated notes

Levels and vault maps discovered:
D:1:      dpeg_chamrin_arrival_tetris, layout_rooms, serial_shops,
          nicolae_shop_tiny_real_fake_doors, minivault_4, minmay_misc_feat_chi
D:2:      layout_basic, minmay_surrounded
D:3:      layout_rooms, mainiacjoe_overflow_catwalk_spiral,
          nemelex_spade_bored_becter
D:4:      layout_basic, nicolae_shop_gadgets, uniq_eustachio
D:5:      layout_rooms, nicolae_elyvilon_temple_path,
          minmay_temple_entry_slanted, gup_sewer_entry_glass
D:6:      layout_rooms, mainiacjoe_overflow_catwalk, grunt_dithmenos_shadows,
          hellmonk_bongcloud_opening, hangedman_decor_slide_cut,
          uniq_blork_the_orc
D:7:      minmay_the_grid_octo_tiled_squarecenter [minmay_the_grid_octo_77,
          minmay_the_grid_octo_clover, minmay_the_grid_octo_pinwheel,
          minmay_the_grid_octo_fat_diamond,
          minmay_the_grid_square_5x5_megaprize_crossed,
          minmay_the_grid_square_5x5_almost_minimal,
          minmay_the_grid_square_5x5_shuriken, minmay_the_grid_square_5x5_three,
          minmay_the_grid_square_5x5_pentomino_r], layout_basic, enter_bailey_1,
          kennysheep_generic_room_4, uniq_duvessa
Bailey:   bailey_polearm_1, bailey

Skill      XL: |  1  2  3  4  5  6  7  8 |
---------------+-------------------------+-----
Axes           | 4 5 7 8 9 11 12 | 12.9
Fighting       | |  3.6
Armour         | |  2.4
Dodging        | |  2.1
Stealth        | |  0.3

Action                     |  1- 3 |  4- 6 |  7- 9 || total
---------------------------+-------+-------+-------++-------
  Melee: Hand axe          |    88 |    71 |    85 ||   244
         Headbutt          |     4 |    10 |    26 ||    40
         Punch             |       |     2 |     1 ||     3
  Throw: Stone             |    11 |    11 |       ||    22
         Boomerang         |       |       |    14 ||    14
 Invoke: Berserk           |       |     1 |     1 ||     2
         Trog's Hand       |       |       |     1 ||     1
 Armour: Animal skin       |    15 |       |       ||    15
         Leather armour    |    20 |       |       ||    20
         Ring mail         |     5 |    47 |    17 ||    69
         Scale mail        |       |       |    18 ||    18
  Dodge: Dodged            |    62 |    82 |    69 ||   213
